 Dungeon Crawl Stone Soup version 0.24-a0-504-gcfb02b9d07 (webtiles) character file.

Game seed: 1383599038780661227

106 KristoblXynda the Ruffian (level 4, -5/42 HPs)
             Began as a Troll Skald on July 16, 2019.
             Slain by Crazy Yiuf
             ... wielding a +4 quarterstaff of chaos
              (19 damage)
             ... on level 2 of the Dungeon.
             The game lasted 00:03:03 (1614 turns).

KristoblXynda the Ruffian (Troll Skald)             Turns: 1614, Time: 00:03:03

Health: -5/42      AC:  9    Str: 19    XL:     4   Next: 55%
Magic:  4/4        EV: 10    Int: 10    God:
Gold:   66         SH:  0    Dex:  9    Spells: 4/5 levels left

rFire    . . .     SeeInvis .     - Unarmed
rCold    . . .     Gourm    +   (no shield)
rNeg     . . .     Faith    .   a - +0 robe
rPois    .         Spirit   .   e - +0 hat
rElec    .         Reflect  .   i - +2 cloak
rCorr    .         Harm     .   (gloves unavailable)
MR       .....                  (boots unavailable)
Stlth    +.........             (no amulet)
HPRegen  0.54/turn              (no ring)
MPRegen  0.09/turn              (no ring)

@: lightly drained
A: large, unfitting armour, claws 3, fast metabolism 3, gourmand, regeneration
1, shaggy fur 1, tough skin 3
a: no special abilities


You were on level 2 of the Dungeon.
You were completely stuffed.

You visited 1 branch of the dungeon, and saw 2 of its levels.

You collected 66 gold pieces.

Inventory:

Armour
 a - a +0 robe (worn)
 e - a +0 hat (worn)
 i - a +2 cloak (worn)
Jewellery
 h - an uncursed ring of protection from cold {unknown}
Scrolls
 b - a scroll of remove curse {unknown}
 d - a scroll of fear {unknown}
 f - a scroll of identify {unknown}
Potions
 g - a potion of curing
 j - a potion of heal wounds {unknown}
 l - a potion of degeneration {unknown}
 m - a potion of brilliance {unknown}
Comestibles
 c - 6 rations
 k - a chunk of flesh


   Skills:
 + Level 2.3(2.0) Fighting
 - Level 2.0(1.7) Dodging
 * Level 3.7(3.4) Unarmed Combat
 - Level 1.2(1.0) Spellcasting
 + Level 2.4(2.2) Charms


You had 4 spell levels left.
You knew the following spells:

 Your Spells              Type           Power        Failure   Level  Hunger
a - Infusion              Chrm           #...         14%         1    ##.....

Your spell library contained the following spells:

 Spells                   Type           Power        Failure   Level  Hunger
 Song of Slaying          Chrm           #.......     22%         2    ###....
 Shroud of Golubria       Chrm/Tloc      #.....       32%         2    ###....
 Regeneration             Chrm/Necr      #.........   54%         3    ####...
 Spectral Weapon          Hex/Chrm       #.......     54%         3    ####...


Dungeon Overview and Level Annotations

Branches:
Dungeon (2/15)

Altars:

Annotations:
D:2 Crazy Yiuf


Innate Abilities, Weirdness & Mutations

You are too large for most types of armour.
You have claws for hands.
Your metabolism is lightning-fast.
You like to eat raw meat.
Your natural rate of healing is unusually fast.
You are covered in fur. (AC +1)
You have extremely tough skin. (AC +3)


Message History

Crazy Yiuf is severely wounded.
You feel sick.
Crazy Yiuf hits you with a +4 quarterstaff of chaos.
You feel drained.
You feel sick.
Crazy Yiuf says, "Cholesterol arga sallow!"
You barely miss Crazy Yiuf.
Crazy Yiuf is severely wounded.
You feel sick.
Crazy Yiuf hits you with a +4 quarterstaff of chaos.
* * * LOW HITPOINT WARNING * * *
It was a potion of curing.
You feel better. Crazy Yiuf hits you but does no damage.
You closely miss Crazy Yiuf. You claw Crazy Yiuf, but do no damage.
Crazy Yiuf is severely wounded.
You scratch Crazy Yiuf.
Crazy Yiuf is almost dead.
Crazy Yiuf hits you with a +4 quarterstaff of chaos!
You are electrocuted!!
You die...

.###......#####
.......##÷#
#########.# #####
#.# #)..# ######.#
#...# #......# ...
#......# #'#
#......# ♣g♣♣
#......# ♣♣@♣
#...(..# ♣.♣♣ ##
#......# ♣♣.♣
.###......# ♣♣.♣♣
.##.......# ♣♣PP.♣
.##.......# ♣.P.P♣
..........# #....#
########
#.....÷...####....#
#......#
#...........##...##
#.####.#


You could see Crazy Yiuf.

Vanquished Creatures
  Natasha (twice) (D:2)
  An adder (D:2)
  An ooze (D:2)
  A worm (D:2)
  3 leopard geckos
  5 bats
  2 giant cockroaches (D:2)
  3 goblins
  4 hobgoblins (D:1)
  5 jackals
  A quokka (D:2)
  4 frilled lizards (D:1)
  3 kobolds
  6 rats
41 creatures vanquished.

Notes
Turn   | Place    | Note
-------+----------+-------------------------------------------
     0 | D:1      | KristoblXynda the Troll Skald began the quest for the Orb.
     0 | D:1      | Reached XP level 1. HP: 19/19 MP: 1/1
   129 | D:1      | Reached XP level 2. HP: 22/28 MP: 2/2
   907 | D:2      | Reached XP level 3. HP: 33/35 MP: 3/3
   931 | D:2      | Found a runed translucent door.
   932 | D:2      | Noticed Crazy Yiuf
  1052 | D:2      | Reached skill level 3 in Unarmed Combat
  1396 | D:2      | Noticed Natasha
  1407 | D:2      | Killed Natasha
  1407 | D:2      | Reached XP level 4. HP: 15/42 MP: 4/4
  1573 | D:2      | Noticed Natasha
  1578 | D:2      | Killed Natasha
  1614 | D:2      | Slain by Crazy Yiuf

Levels and vault maps discovered:
D:1:      dpeg_arrival_chase, layout_basic
D:2:      layout_basic, first_ration, uniq_crazy_yiuf_cottage, uniq_natasha

Skill      XL: |  1  2  3 |
---------------+----------+-----
Dodging        | 2 |  2.0
Unarmed Combat | 3 |  3.7
Fighting       | 2 |  2.3
Spellcasting   | |  1.2
Charms         | |  2.4

Action                   |  1- 3 |  4- 6 || total
-------------------------+-------+-------++-------
Melee: Unarmed           |   107 |    15 ||   122
       Punch             |     2 |     1 ||     3
  Use: Potion            |       |     1 ||     1
  Eat: Chunk             |    18 |     2 ||    20
Armor: Robe              |    42 |     2 ||    44
Dodge: Dodged            |    67 |     4 ||    71

Table legend:
 A = Non-vault XP
 B = Vault XP
 C = Vault XP percentage of total XP
 D = Non-vault monster count
 E = Vault monster count
 F = Vault count percentage of total count
                 A         B        C        D         E       F
            +---------+---------+-------+---------+---------+-------
      Total |     117 |      35 |  23.0 |      40 |       1 |   2.4
            +---------+---------+-------+---------+---------+-------
        D:1 |      39 |       0 |   0.0 |      25 |       0 |   0.0
        D:2 |      78 |      35 |  31.0 |      15 |       1 |   6.2
            +---------+---------+-------+---------+---------+-------
